 Seeded DCSS version 0.28-a0-1613-gdaab1c2f9b (webtiles) character file.

Game seed: 11 (custom seed)

249889 knot the Executioner (level 19, 0/140 HPs)
             Began as a Demonspawn Berserker on Jan 21, 2022.
             Was a High Priest of Trog.
             Slain by an ironbound convoker (10 damage)
             ... led by a vault warden
             ... on level 2 of the Vaults.
             The game lasted 02:12:40 (50425 turns).

knot the Executioner (Demonspawn Berserker)        Turns: 50425, Time: 02:12:41

Health: 0/140      AC: 19    Str: 18    XL:     19   Next: 28%
Magic:  0/19       EV: 10    Int: 15    God:    Trog [*****.]
Gold:   4515       SH:  0    Dex: 16    Spells: 18/18 levels left

rFire   + . .      SeeInvis +   Y - +5 executioner's axe (spect)
rCold   + . .      Faith    +   (shield currently unavailable)
rNeg    . . .      Spirit   +   E - +0 gold dragon scales
rPois   +          Reflect  .   S - +0 hat {Will+}
rElec   .          Harm     .   (cloak unavailable)
rCorr   .          Rampage  .   F - +0 pair of gloves of the Lost Path {rPois Dex+2 Slay+3}
Will    ++...                   J - +0 pair of boots "Riemin" {+Inv rPois}
Stlth   ..........              V - amulet of faith
HPRegen 1.33/turn               K - ring of see invisible
MPRegen 0.32/turn               b - +4 ring of evasion

@: about to teleport, marked
A: powered by death 2, augmentation 1, magic shield, magic regeneration, sturdy
frame 2, weakness stinger 3
}: 1/15 runes: gossamer
a: Renounce Religion, Evoke Invisibility, Berserk, Trog's Hand, Brothers in Arms


You were on level 2 of the Vaults.
You worshipped Trog.
Trog was extremely pleased with you.
You visited 8 branches of the dungeon, and saw 34 of its levels.
You also visited: Sewer, Ice Cave and Desolation.

You collected 4515 gold pieces.

Inventory:

Hand Weapons
 e - a +2 battleaxe of flaming
 R - a +6 spectral battleaxe
 Y - a +5 spectral executioner's axe (weapon)
Missiles
 i - 13 boomerangs (quivered)
 w - 7 throwing nets
 y - 2 curare-tipped darts
 H - a boomerang of dispersal
 N - 11 javelins
 P - 28 poisoned darts
 U - 2 datura-tipped darts
 Z - 2 silver boomerangs
Armour
 E - +0 gold dragon scales (worn)
 F - the +0 pair of gloves of the Lost Path (worn) {rPois Dex+2 Slay+3}
   (You found it on level 10 of the Dungeon)

   Dex:       It affects your dexterity (+2).
   Slay:      It affects your accuracy & damage with ranged weapons and melee
   (+3).
   rPois:     It protects you from poison.
 I - a +2 crystal plate armour
 J - the +0 pair of boots "Riemin" (worn) {+Inv rPois}
   (You found it on level 7 of the Dungeon)

   rPois:     It protects you from poison.
   +Inv:      It lets you turn invisible.
 S - a +0 hat of willpower (worn)
Jewellery
 b - a +4 ring of evasion (right hand)
 K - a ring of see invisible (left hand)
 L - a +6 ring of strength
 T - the ring "Ciegimp" {Contam rPois rC- rN+++ EV+4}
   (You took it off a vault warden on level 1 of the Vaults)

   [ring of evasion]

   EV:        It affects your evasion (+4).
   rC:        It makes you vulnerable to cold.
   rPois:     It protects you from poison.
   rN:        It renders you almost immune to negative energy.
   Contam:    It causes magical contamination when unequipped.
 V - an amulet of faith (around neck)
 W - the ring of the Prince of Darkness {Fly Stlth+}
   (You found it in an ice cave)

   [ring of flight]

   Fly:       It grants you flight.
   Stlth:     It makes you more stealthy.
Wands
 d - a wand of mindburst (22)
 h - a wand of digging (1)
 k - a wand of acid (17)
 M - a wand of paralysis (7)
 Q - a wand of polymorph (5)
Scrolls
 l - 7 scrolls of fog
 o - 3 scrolls of summoning
 p - 9 scrolls of teleportation
 t - 3 scrolls of fear
 u - 12 scrolls of identify
 x - a scroll of magic mapping
 z - 6 scrolls of immolation
 D - 9 scrolls of vulnerability
 G - a scroll of silence
Potions
 c - 2 potions of resistance
 f - 6 potions of mutation
 g - 2 potions of attraction
 j - 7 potions of curing
 m - 3 potions of magic
 r - 4 potions of cancellation
 s - 6 potions of berserk rage
 v - 3 potions of invisibility
 A - 7 potions of haste
 B - 7 potions of might
 O - 4 potions of ambrosia
Miscellaneous
 a - a tin of tremorstones (2/2)
 n - a condenser vane
 q - a piece from Xom's chessboard (15/15)
 X - a phantom mirror


   Skills:
 - Level 10.1 Fighting
 * Level 22.8 Axes
 - Level 19.0 Throwing
 - Level 9.1 Armour
 - Level 1.7 Dodging
 - Level 7.3 Evocations


You had 18 spell levels left.
You didn't know any spells.
Your spell library contained the following spells:

 Spells                   Type           Power      Damage    Failure   Level
 Foxfire                  Conj/Fire      0%         2x1d4     100%        1
 Freeze                   Ice            0%         1d3       100%        1
 Pain                     Necr           0%         1d4       100%        1
 Slow                     Hex            0%         N/A       100%        1
 Sting                    Tmut/Pois      0%         1d3       100%        1
 Summon Small Mammal      Summ           0%         N/A       100%        1
 Blink                    Tloc           0%         N/A       100%        2
 Passwall                 Tmut/Erth      0%         N/A       100%        2
 Poisonous Vapours        Pois/Air       0%         N/A       100%        2
 Sublimation of Blood     Necr           0%         N/A       100%        2
 Call Canine Familiar     Summ           0%         N/A       100%        3
 Conjure Flame            Conj/Fire      0%         6-21      100%        3
 Dazzling Flash           Conj/Hex       0%         N/A       100%        3
 Frozen Ramparts          Ice            0%         1d2       100%        3
 Gell's Gravitas          Tloc           0%         N/A       100%        3
 Inner Flame              Hex/Fire       0%         N/A       100%        3
 Mephitic Cloud           Conj/Pois/Air  0%         N/A       100%        3
 Portal Projectile        Hex/Tloc       0%         N/A       100%        3
 Stone Arrow              Conj/Erth      0%         3d7       100%        3
 Summon Guardian Golem    Hex/Summ       0%         N/A       100%        3
 Teleport Other           Tloc           0%         N/A       100%        3
 Animate Armour           Summ/Erth      0%         N/A       100%        4
 Animate Dead             Necr           0%         N/A       100%        4
 Cause Fear               Hex            0%         N/A       100%        4
 Flame Wave               Conj/Fire      0%         2d4       100%        4
 Fulminant Prism          Conj/Hex       0%         3d6       100%        4
 Ice Form                 Ice/Tmut       0%         N/A       100%        4
 Iskenderun's Mystic Bla  Conj/Tloc      0%         2d3       100%        4
 Leda's Liquefaction      Hex/Erth       0%         N/A       100%        4
 Petrify                  Tmut/Erth      0%         N/A       100%        4
 Summon Ice Beast         Ice/Summ       0%         N/A       100%        4
 Agony                    Necr           0%         N/A       100%        5
 Alistair's Intoxication  Tmut/Pois      0%         N/A       100%        5
 Blade Hands              Tmut           0%         N/A       100%        5
 Borgnjor's Vile Clutch   Necr/Erth      0%         N/A       100%        5
 Excruciating Wounds      Necr           0%         N/A       100%        5
 Fireball                 Conj/Fire      0%         3d3       100%        5
 Freezing Cloud           Conj/Ice/Air   0%         6-21      100%        5
 Irradiate                Conj/Tmut      0%         3d13      100%        5
 Iskenderun's Battlesphe  Conj           0%         2d6       100%        5
 Manifold Assault         Tloc           0%         N/A       100%        5
 Metabolic Englaciation   Hex/Ice        0%         N/A       100%        5
 Summon Forest            Summ/Tloc      0%         N/A       100%        5
 Conjure Ball Lightning   Conj/Air       0%         3x3d6     100%        6
 Dispersal                Tloc           0%         N/A       100%        6
 Eringya's Noxious Bog    Tmut/Pois      0%         N/A       100%        6
 Iron Shot                Conj/Erth      0%         9d1       100%        6
 Simulacrum               Ice/Necr       0%         N/A       100%        6
 Starburst                Conj/Fire      0%         6d3       100%        6
 Statue Form              Tmut/Erth      0%         N/A       100%        6
 Summon Cactus Giant      Summ           0%         N/A       100%        6
 Dragon Form              Tmut           0%         N/A       100%        7
 Haunt                    Necr/Summ      0%         N/A       100%        7
 Orb of Destruction       Conj           0%         9d5       100%        7
 Spellforged Servitor     Conj/Summ      0%         N/A       100%        7
 Storm Form               Tmut/Air       0%         N/A       100%        7
 Summon Hydra             Summ           0%         N/A       100%        7
 Discord                  Hex            0%         N/A       100%        8
 Infestation              Necr           0%         N/A       100%        8
 Lehudib's Crystal Spear  Conj/Erth      0%         10d2      100%        8
 Necromutation            Tmut/Necr      0%         N/A       100%        8
 Chain Lightning          Conj/Air       0%         N/A       100%        9
 Dragon's Call            Summ           0%         N/A       100%        9
 Polar Vortex             Ice            0%         N/A       100%        9


Dungeon Overview and Level Annotations

Branches:
Dungeon (15/15)            Temple (1/1) D:7            Lair (6/6) D:11
 Shoals (3/4) Lair:3       Spider (4/4) Lair:3        Slime (0/5) Lair:5
    Orc (2/2) D:9             Elf (1/3) Orc:2        Vaults (2/5) D:13
 Depths (0/4) D:15          Sewer (visited)           IceCv (visited)
Desolation (visited)
  Crypt: Vaults:2-3

Altars:
Ashenzari
Cheibriados
Dithmenos
Elyvilon
Fedhas
Gozag
Hepliaklqana
Kikubaaqudgha
Makhleb
Nemelex Xobeh
Okawaru
Qazlal
Ru
Sif Muna
Trog
Uskayaw
Vehumet
Wu Jian
Xom
Yredelemnul
Zin
The Shining One
Beogh

Shops:
D:9 *   Orc:2 [(:?[   Shoals:2 (   Shoals:3 =

Annotations:
Vaults:2 Sojobo


Innate Abilities, Weirdness & Mutations

You regenerate health from kills.
Your magical and physical power is slightly enhanced at high health.
When hurt, damage is shared between your health and your magic reserves.
You regenerate magic rapidly.
Your movements are less encumbered by armour. (ER -4)
You have a sharp stinger which inflicts weakening toxins.


Message History

The vault warden closely misses you. The wizard closely misses you.
The vault sentinel casts a spell at you.
You barely resist. You slice the wizard!!
You kill the wizard!
Trog accepts your kill.
Trog appreciates your killing of a magic user.
You hit the vault warden but do no damage.
You slash the ironbound thunderhulk! You completely miss the vault sentinel.
The ironbound convoker casts a spell at the ironbound thunderhulk.
The ironbound thunderhulk seems to grow stronger.
The vault sentinel blows a loud note on a signal horn!
The vault warden hits you from afar with a +0 glaive!!!
Things that are here:
a +1 dagger of freezing; a +0 robe; a human corpse You are too injured to fight recklessly!
Unknown command.
You are too injured to fight recklessly!
You slice the ironbound thunderhulk!!
You tail-slap the ironbound thunderhulk.
The ironbound thunderhulk looks weaker.
The ironbound thunderhulk is almost dead.
You barely miss the vault sentinel.
Your +5 spectral executioner's axe hits the vault sentinel!!
The vault warden activates a sealing rune.
The vault sentinel hits your +5 spectral executioner's axe with a +0 falchion!
Your spectral weapon shares its damage with you!
* * * LOW HITPOINT WARNING * * *
Strange energies crackle from the ironbound thunderhulk's apparatus.
The ironbound thunderhulk blinks!
Unknown command.
As you read the scroll of teleportation, it crumbles to dust.
You feel strangely unstable.
The vault warden hits you but does no damage.
Electricity crackles from the ironbound thunderhulk's apparatus.
The bolt of lightning hits you!!!
* * * LOW HITPOINT WARNING * * *
The vault sentinel blows a loud note on a signal horn!
The ironbound convoker hits you with a +0 mace!
You die...

#+# ..###########
#####
..#......#..####...#
))#......#..'..'...#
))#......'..#..##+##
..#......##+##'#ยง.#
.)#......# #.#@p#
..'......# ####p#
..#......# #p.#
..#......# Tc.#
..######## ##O.# ..#
#### #'# ..# #.. ..#
#.. ..#


You could see a vault warden, an ironbound thunderhulk (strong, weak), a vault
sentinel, an ironbound convoker and a yaktaur.

Vanquished Creatures
  Agnes (Spider:1)
  Gastronok (D:12)
  Polyphemus (Shoals:2)
  5 emperor scorpions
  A frost giant (IceCv)
  2 orc warlords
  Aizul (Spider:3)
  6 ghost moths
  A ghoul (D:14)
  4 ironbound preservers
  4 very ugly things (Vaults:1)
  2 ironbound thunderhulks (Vaults:1)
  3 entropy weavers
  4 merfolk impalers (Shoals:3)
  2 merfolk javelineers
  2 crystal guardians (Desolation)
  A fire dragon (D:13)
  A great orb of eyes (Vaults:1)
  An ettin (Vaults:1)
  Josephine (Lair:5)
  2 yaktaur captains
  6 ragged hierophants (Desolation)
  3 vault guards
  An ice dragon (Lair:5)
  7 boulder beetles
  3 peacekeepers (Desolation)
  Erolcha (D:12)
  An ogre mage (D:10)
  2 hydras
  A jorogumo (Spider:1)
  4 catoblepae
  3 merfolk avatars
  5 servants of whispers (Desolation)
  Erica (Orc:1)
  2 merfolk aquamancers
  3 centaur warriors
  18 death yaks
  5 two-headed ogres
  An alligator snapping turtle (Shoals:2)
  6 dancing weapons (Elf:1)
  A deep troll shaman (Lair:6)
  3 satyrs (Shoals:3)
  A tengu warrior (D:13)
  2 orc high priests (Orc:2)
  5 deep elf knights (Elf:1)
  3 sun moths
  5 pharaoh ants
  6 skeletal warriors
  7 sea snakes
  6 orb spiders
  4 steelbarb worms
  5 deep elf archers (Elf:1)
  8 deep trolls
  18 harpies
  3 lindwurms (Vaults:1)
  2 wizards
  4 orc knights
  11 ironbound convokers
  A necromancer (D:15)
  12 deep elf pyromancers (Elf:1)
  16 deep elf zephyrmancers (Elf:1)
  4 orc sorcerers
  4 moths of wrath
  14 wolf spiders
  7 cyclopes
  10 manticores
  5 fauns
  9 elephants
  14 ugly things
  10 merfolk sirens
  5 vault sentinels
  Maurice (D:10)
  4 black mambas
  3 guardian serpents (Desolation)
  2 naga magi (D:15)
  An ice statue (IceCv)
  5 torpor snails
  6 water nymphs
  18 cane toads
  7 komodo dragons
  4 rime drakes
  A demonic crawler (Spider:2)
  A kobold demonologist (D:10)
  An efreet (D:14)
  A komodo dragon (shapeshifter) (D:11)
  A centaur skeleton (D:15)
  3 freezing wraiths
  A tengu conjurer (D:13)
  16 yaktaurs
  A guardian mummy (D:14)
  31 merfolk
  5 trolls
  12 polar bears
  27 tarantellas
  7 wind drakes
  8 hornets
  45 saltlings (Desolation)
  3 meliai (Spider:4)
  9 slime creatures
  A wolf spider simulacrum (D:15)
  11 blink frogs
  8 dream sheep
  17 jumping spiders
  A meliai zombie (D:15)
  3 snapping turtles
  An air elemental (Elf:1)
  22 culicivoras
  2 shadows
  6 wraiths
  A vampire (D:13)
  6 water elementals
  5 wyverns
  7 basilisks
  Eustachio (D:4)
  A fire elemental (D:7)
  2 fire bats (D:7)
  59 yaks
  A steam dragon (D:8)
  34 redbacks
  5 vampire mosquitoes
  Menkaure (D:7)
  2 wargs
  3 acid dragons
  7 water moccasins
  A floating eye (shapeshifter) (D:10)
  35 orc warriors
  3 ice beasts
  4 black bears
  2 sky beasts (D:6)
  9 ogres
  23 wolves
  12 centaurs
  2 necrophages
  5 boggarts (Vaults:2)
  2 phantoms
  4 kobold brigands
  7 bullfrogs
  A wyvern zombie (D:5)
  6 scorpions
  An earth elemental (Elf:1)
  6 gnoll sergeants
  2 wyvern skeletons (D:6)
  16 killer bees
  A wight (D:10)
  5 electric eels
  A howler monkey (D:9)
  10 centaur zombies
  2 jellies
  17 orc priests
  4 gnoll shamans
  3 hounds
  3 bullfrog skeletons
  2 iguanas
  29 orc wizards
  A killer bee zombie (D:7)
  A centaur simulacrum (D:10)
  A human simulacrum (D:14)
  A howler monkey zombie (D:6)
  A mummy (D:14)
  A howler monkey skeleton (D:6)
  15 gnolls
  5 adders
  7 river rats
  4 white imps
  5 worms
  A dart slug (D:3)
  77 orcs
  6 endoplasms
  5 giant cockroaches
  4 goblins
  3 hobgoblins
  4 jackals
  2 quokkas
  11 ball pythons
  8 bats
  5 frilled lizards
  17 kobolds
  16 rats
  14 pillars of salt (Elf:1)
  5 plants
1193 creatures vanquished.

Vanquished Creatures (collateral kills)
  Rupert (Orc:2)
  An imperial myrmidon (Desolation)
  2 vault wardens
  An ironbound preserver (Vaults:2)
  A crystal guardian (Desolation)
  The ghost of greynaab the Carver, a journeyman GnWz of Vehumet (Lair:3)
  A ragged hierophant (Desolation)
  2 servants of whispers (Desolation)
  A vault guard (D:13)
  A peacekeeper (Desolation)
  A naga warrior (D:12)
  2 hydras
  An ironbound frostheart (Vaults:1)
  A skeletal warrior (D:13)
  A sea snake (Shoals:1)
  An orb spider (Spider:3)
  An ironbound convoker (Vaults:2)
  A deep elf pyromancer (Elf:1)
  A wolf spider (Spider:1)
  A deep elf zephyrmancer (Elf:1)
  A torpor snail (Spider:3)
  A guardian serpent (Desolation)
  A vault sentinel (Vaults:1)
  A demonic crawler (Lair:3)
  2 merfolk
  A wind drake (Shoals:2)
  12 saltlings (Desolation)
  A snapping turtle (Shoals:2)
  2 water elementals (Shoals:1)
  An orc warrior (Orc:2)
  A black bear (D:6)
  2 killer bees (D:6)
  A howler monkey skeleton (D:6)
  A gnoll (D:6)
  2 orcs (Orc:2)
53 creatures vanquished.

Vanquished Creatures (others)
  A water elemental (Shoals:2)
  An orc warrior (D:9)
  A killer bee (D:6)
  A jelly (D:7)
  A human simulacrum (D:14)
  27 fungi
  107 plants
  2 withered plants (D:14)
141 creatures vanquished.

Grand Total: 1387 creatures vanquished

Notes
Turn   | Place    | Note
-------+----------+-------------------------------------------
     0 | D:1      | knot the Demonspawn Berserker began the quest for the Orb.
     0 | D:1      | Reached XP level 1. HP: 18/18 MP: 1/1
    60 | D:1      | Reached skill level 3 in Axes
    64 | D:1      | Gained mutation: You regenerate a little health from kills.
                  | [demonic ancestry]
    64 | D:1      | Reached XP level 2. HP: 24/24 MP: 2/2
   478 | D:1      | Found a faded altar of an unknown god.
  1209 | D:2      | Gained mutation: Your movements are slightly less
                  | encumbered by armour. (ER -2) [demonic ancestry]
  1209 | D:2      | Reached XP level 3. HP: 26/29 MP: 3/3
  1650 | D:2      | Reached skill level 4 in Axes
  1812 | D:2      | Reached skill level 1 in Throwing
  2062 | D:3      | Found a glowing drain.
  2071 | D:3      | Reached ** piety under Trog
  2080 | D:3      | Reached XP level 4. HP: 13/35 MP: 4/4
  2338 | Sewer    | Entered a sewer
  2705 | Sewer    | Reached XP level 5. HP: 33/41 MP: 5/5
  3254 | D:3      | Found a shadowy altar of Dithmenos.
  3257 | D:3      | Found a bloodstained altar of Trog.
  3258 | D:3      | Found a basalt altar of Yredelemnul.
  3258 | D:3      | Found a radiant altar of Vehumet.
  3258 | D:3      | Found a burning altar of Makhleb.
  3260 | D:3      | Found a broken altar of Ashenzari.
  3261 | D:3      | Found a snail-covered altar of Cheibriados.
  3263 | D:3      | Found a sacrificial altar of Ru.
  3989 | D:4      | Reached skill level 5 in Axes
  4191 | D:4      | Gained mutation: You have a small tail. [demonic ancestry]
  4191 | D:4      | Reached XP level 6. HP: 32/47 MP: 6/6
  4935 | D:4      | Noticed Eustachio
  4946 | D:4      | Killed Eustachio
  5021 | D:4      | Gained mutation: You regenerate health from kills. [demonic
                  | ancestry]
  5021 | D:4      | Reached XP level 7. HP: 27/52 MP: 7/7
  5903 | D:5      | Entered Level 5 of the Dungeon
  6040 | D:5      | Reached skill level 6 in Axes
  6448 | D:5      | Reached skill level 5 in Throwing
  7156 | D:5      | Reached skill level 7 in Axes
  7156 | D:5      | Reached XP level 8. HP: 58/58 MP: 8/8
  8642 | D:6      | Reached skill level 8 in Axes
  8843 | D:6      | HP: 2/58 [poisoned by a killer bee]
 10369 | D:6      | Gained mutation: You regenerate magic rapidly. [demonic
                  | ancestry]
 10369 | D:6      | Reached XP level 9. HP: 63/63 MP: 9/9
 10907 | D:7      | Reached skill level 9 in Axes
 11013 | D:7      | Found a transporter.
 11031 | D:7      | Found a transporter.
 11049 | D:7      | Identified the +0 pair of boots "Riemin" {+Inv rPois}
 11122 | D:7      | Noticed Menkaure
 11135 | D:7      | Killed Menkaure
 11136 | D:7      | Reached skill level 1 in Evocations
 11848 | D:7      | Found a staircase to the Ecumenical Temple.
 11857 | Temple   | Entered the Ecumenical Temple
 12007 | D:8      | Found a hazy altar of Hepliaklqana.
 12007 | D:8      | Found an ancient bone altar of Kikubaaqudgha.
 12362 | D:8      | Reached XP level 10. HP: 70/70 MP: 10/10
 12598 | D:8      | Reached skill level 10 in Axes
 13207 | D:8      | Found a hide-covered altar of Uskayaw.
 13897 | D:9      | You fall into a shaft and drop 1 floor!
 13897 | D:10     | Entered Level 10 of the Dungeon
 14054 | D:10     | Identified the +0 pair of gloves of the Lost Path {rPois
                  | Dex+2 Slay+3}
 14393 | D:9      | Found Taakeir's General Store.
 14704 | D:9      | Found a staircase to the Orcish Mines.
 14733 | D:9      | Reached *** piety under Trog
 14734 | D:9      | Reached skill level 5 in Evocations
 15046 | D:10     | Reached skill level 10 in Throwing
 15109 | D:10     | Noticed an orange demon
 15129 | D:10     | Gained mutation: When hurt, damage is shared between your
                  | health and your magic reserves. [demonic ancestry]
 15129 | D:10     | Reached XP level 11. HP: 75/75 MP: 11/11
 15131 | D:10     | Reached skill level 11 in Axes
 15375 | D:10     | Noticed an orc knight
 15377 | D:10     | Noticed a green ugly thing
 15391 | D:10     | Killed a green ugly thing
 15395 | D:10     | Killed an orc knight
 15462 | D:10     | Identified the +7 spear "Uhapass" {vorpal, Int+4}
 15509 | D:10     | Noticed Maurice
 15516 | D:10     | Killed Maurice
 15764 | D:10     | Noticed an ogre mage
 15773 | D:10     | Killed an ogre mage
 16139 | D:10     | Noticed a two-headed ogre
 16146 | D:10     | Killed a two-headed ogre
 16238 | D:10     | Noticed a two-headed ogre
 16242 | D:10     | Killed a two-headed ogre
 16243 | D:10     | Reached skill level 12 in Axes
 16781 | D:11     | Reached **** piety under Trog
 16875 | D:11     | Noticed a boulder beetle
 16903 | D:11     | Killed a boulder beetle
 17066 | D:11     | Found a staircase to the Lair.
 17075 | D:11     | Gained mutation: Your movements are less encumbered by
                  | armour. (ER -4) [demonic ancestry]
 17075 | D:11     | Reached XP level 12. HP: 64/81 MP: 10/12
 17732 | D:12     | Noticed Erolcha
 17765 | D:12     | Killed Erolcha
 17820 | D:12     | Noticed a boulder beetle
 17829 | D:12     | Killed a boulder beetle
 18021 | D:12     | Noticed a two-headed ogre
 18029 | D:12     | Noticed Gastronok
 18030 | D:12     | Killed a two-headed ogre
 18048 | D:12     | Killed Gastronok
 18049 | D:12     | Reached skill level 13 in Axes
 18311 | D:12     | Noticed a centaur warrior
 18313 | D:12     | Found a large runed translucent door.
 18314 | D:12     | Found a large runed translucent door.
 18326 | D:12     | Noticed a naga warrior
 18383 | D:12     | Found an iron altar of Okawaru.
 18623 | Lair:1   | Entered Level 1 of the Lair of Beasts
 18636 | Lair:1   | Found a frozen archway.
 18643 | Lair:1   | Noticed a death yak
 18644 | Lair:1   | Noticed a death yak
 18645 | IceCv    | Entered an ice cave
 19058 | IceCv    | Identified the +2 ring mail of Peek-a-Boo {+Inv rCorr Str-4
                  | SInv}
 19170 | IceCv    | Reached ***** piety under Trog
 19284 | IceCv    | Noticed a death yak
 19284 | IceCv    | Noticed a death yak
 19284 | IceCv    | Noticed a death yak
 19292 | IceCv    | Killed a death yak
 19293 | IceCv    | Reached skill level 14 in Axes
 19293 | IceCv    | Reached XP level 13. HP: 63/86 MP: 9/13
 19397 | IceCv    | Noticed a frost giant
 19427 | IceCv    | Killed a frost giant
 19532 | IceCv    | Identified the ring of the Prince of Darkness {Fly Stlth+}
 19537 | IceCv    | Got the Reference Book on Snow
 20025 | Lair:1   | Received a gift from Trog
 21195 | Lair:2   | Reached skill level 15 in Axes
 21829 | Lair:3   | Found a staircase to the Shoals.
 21972 | Lair:3   | Found a hole to the Spider Nest.
 22369 | Lair:3   | Reached skill level 15 in Throwing
 22386 | Lair:3   | Found a runed translucent door.
 22387 | Lair:3   | Noticed greynaab's ghost (journeyman GnWz)
 22622 | Lair:3   | Killed greynaab's ghost
 22623 | Lair:3   | Reached XP level 14. HP: 49/93 MP: 14/14
 24449 | Lair:5   | Reached skill level 16 in Axes
 24533 | Lair:5   | Found a staircase to the Slime Pits.
 24706 | Lair:5   | Noticed Josephine
 24723 | Lair:5   | Killed Josephine
 24735 | Lair:5   | Identified a scroll of acquirement
 24735 | Lair:5   | Acquired 1100 gold pieces
 24857 | Lair:5   | Identified the +6 mace of the Ageless Dreams {vorpal, rF+
                  | rC- Str+2 Int+2}
 25156 | Lair:6   | Entered Level 6 of the Lair of Beasts
 25214 | Lair:6   | Received a gift from Trog
 26595 | Orc:1    | Entered Level 1 of the Orcish Mines
 26650 | Orc:1    | You are sucked into a shaft and drop 1 floor!
 26650 | Orc:2    | Entered Level 2 of the Orcish Mines
 26814 | Orc:1    | Noticed Erica
 26826 | Orc:1    | Killed Erica
 26827 | Orc:1    | Reached skill level 17 in Axes
 26831 | Orc:1    | Received a gift from Trog
 27117 | Orc:2    | Noticed Rupert
 27124 | Orc:2    | Killed Rupert
 27125 | Orc:2    | Gained mutation: You have a tail ending in a sharp stinger.
                  | [demonic ancestry]
 27125 | Orc:2    | Reached XP level 15. HP: 98/98 MP: 15/15
 27197 | Orc:2    | Found Goffiqu's Armour Shoppe.
 27310 | Orc:2    | Found Ammy's Book Shoppe.
 27497 | Orc:2    | Noticed an orc warlord
 27511 | Orc:2    | Killed an orc warlord
 27544 | Orc:2    | Found Xeqiujeroz's Antique Weapon Shoppe.
 27557 | Orc:2    | Found Neagukk's Antique Armour Emporium.
 27653 | Orc:2    | Found Inaonas's Magic Scroll Emporium.
 27657 | Orc:2    | Received a gift from Trog
 27840 | Orc:2    | Found a staircase to the Elven Halls.
 28172 | D:12     | Found an iron altar of Okawaru.
 28580 | D:12     | Found an iron altar of Okawaru.
 30004 | D:13     | Found a gate to the Vaults.
 31033 | D:14     | Reached skill level 18 in Axes
 31506 | D:15     | Entered Level 15 of the Dungeon
 32093 | D:15     | Received a gift from Trog
 32103 | D:15     | Found a staircase to the Depths.
 32297 | Shoals:1 | Entered Level 1 of the Shoals
 32447 | Shoals:1 | Reached XP level 16. HP: 108/108 MP: 16/16
 32761 | Shoals:1 | Reached skill level 5 in Fighting
 34221 | Shoals:2 | Found Fusof's Weapon Shop.
 34317 | Shoals:2 | Received a gift from Trog
 34318 | Shoals:2 | Reached skill level 5 in Armour
 34722 | Shoals:2 | Noticed Polyphemus
 34780 | Shoals:2 | Killed Polyphemus
 36567 | Shoals:3 | Received a gift from Trog
 38701 | Shoals:3 | Found Vujiamn's Jewellery Boutique.
 39435 | Elf:1    | Entered Level 1 of the Elven Halls
 39455 | Elf:1    | Gained mutation: Your magical and physical power is
                  | slightly enhanced at high health. [demonic ancestry]
 39455 | Elf:1    | Reached XP level 17. HP: 21/122 MP: 4/17
 39804 | Elf:1    | Found a crumbling gateway.
 39817 | Desolati | Entered the Desolation of Salt
 39851 | Desolati | Reached skill level 19 in Axes
 39874 | Desolati | Identified the +1 pair of gloves of Nemelex Xobeh's Hope
                  | {Int+3 Stlth+}
 39875 | Desolati | Identified the +6 rapier of the Boiling Point {vorpal,
                  | *Rage rN+ Str+3 Int+3}
 39876 | Desolati | Identified the +0 ring mail "Kudd" {Will+}
 39886 | Desolati | Got Macwael's Volume of the Wary Mouths
 39891 | Desolati | Got the Catalogue of Companions and Envenoming
 40169 | Desolati | Got the Papyrus of Insomnia
 40184 | Desolati | Got the Compendium of Toxic Companions
 40569 | Desolati | Got the Compendium of Congealing Shape Shifting
 40572 | Desolati | Got Sif Muna's Compendium of Bewitching Flight
 40583 | Desolati | Got Folemeqo's Disquisition on Earthen Enchantment
 40586 | Desolati | Got Sif Muna's Volume of Nocuous Ice
 41054 | Elf:1    | Paralysed by an air elemental for 1 turns
 42209 | Elf:1    | Received a gift from Trog
 42850 | Spider:1 | Entered Level 1 of the Spider Nest
 42949 | Lair:3   | Reached skill level 20 in Axes
 43363 | Spider:1 | Reached XP level 18. HP: 127/133 MP: 16/18
 43364 | Spider:1 | Received a gift from Trog
 44048 | Spider:2 | Noticed Agnes
 44060 | Spider:1 | Killed Agnes
 45215 | Spider:3 | Received a gift from Trog
 45247 | Spider:3 | Reached skill level 21 in Axes
 45275 | Spider:3 | Noticed Aizul
 45283 | Spider:3 | Killed Aizul
 45893 | Spider:4 | Entered Level 4 of the Spider Nest
 47476 | Spider:4 | Got a gossamer rune of Zot
 47678 | Spider:4 | Received a gift from Trog
 47690 | Spider:4 | Reached skill level 22 in Axes
 48036 | Vaults:1 | Entered Level 1 of the Vaults
 48485 | Vaults:1 | Gained mutation: You have a sharp stinger which inflicts
                  | weakening toxins. [demonic ancestry]
 48485 | Vaults:1 | Reached XP level 19. HP: 132/140 MP: 16/19
 48664 | Vaults:1 | Identified the ring "Ciegimp" {Contam rPois rC- rN+++ EV+4}
 48678 | Vaults:1 | Reached skill level 10 in Fighting
 48679 | Vaults:1 | Received a gift from Trog
 50104 | Vaults:2 | Noticed Sojobo
 50425 | Vaults:2 | Slain by an ironbound convoker

Illustrated notes

Levels and vault maps discovered:
D:1:      minmay_arrival_nine_rooms, layout_rooms, basic_ecumenical_altar
D:2:      layout_basic
D:3:      layout_loops_ring, minitemple, portal_sewer_entry_b,
          lemuel_old_faithful
D:4:      layout_basic, uniq_eustachio
D:5:      layout_layer_cave, minivault_24
D:6:      minmay_chambers_of_threes, layout_basic
D:7:      gammafunk_cloud_chamber, layout_loops_cross, lemuel_temple_firewalk_b,
          uniq_menkaure
D:8:      minmay_flawed_box, layout_basic, lemuel_coloured_pillars_altar,
          grunt_temple_overflow_open, serial_aquarium,
          aquarium_bridge_island_small [aquarium_subvault_small_water,
          aquarium_subvault_balcony, aquarium_subvault_balcony,
          aquarium_subvault_bridge, aquarium_subvault_wall],
          aquarium_window_fake, aquarium_window_fake, aquarium_window_fake,
          aquarium_view_2c, aquarium_view_2g, aquarium_pool_double
D:9:      minmay_general_purpose_star, layout_loops_ring,
          kennysheep_orc_monster_closet_entryway, serial_shops,
          nicolae_shop_crystal, minmay_misc_feat_nine_boxes,
          hangedman_decor_points
D:10:     minmay_the_grid_net [minmay_the_grid_outer_diamond,
          minmay_the_grid_minigrid_medium, minmay_the_grid_spikes,
          minmay_the_grid_slots, minmay_the_grid_small_cups,
          minmay_the_grid_prize_inner_circle], layout_stronghold, uniq_maurice
D:11:     layout_roguey, david_lair_generic
D:12:     okawaru_arena_lexackson, layout_gridville, okawaru_ov_weapons_minmay,
          uniq_gastronok, uniq_erolcha
D:13:     layout_rooms, david_vaults_5, minmay_misc_feat_five
D:14:     layout_irregular_city, minmay_misc_feat_roman, serial_undead,
          serial_undead_b, serial_undead_e, serial_undead_c, serial_undead_f,
          bh_circular_ruins
D:15:     grunt_enter_depths_magical_seal, layout_long_grid
Temple:   zaba_magenta_temple
Lair:1:   layout_small_grid, portal_ice_cave_rime
Lair:2:   layout_regular_city, chequers_serial_rivers_micro_b,
          nicolae_lair_grazing_beasts [nicolae_sub_lair_graze_edge,
          nicolae_sub_lair_graze_edge, nicolae_sub_lair_graze_edge,
          nicolae_sub_lair_graze_edge], lemuel_fruit_tree, wad_woods_river_01,
          infiniplex_staircase_pool_2
Lair:3:   layout_cave_pods, elwin_shoals_entry_stream,
          nicolae_spider_entry_non_spiders, ebering_ghost_inner_flame,
          chequers_serial_rivers_large_b
Lair:4:   layout_hall_layers, grunt_megastairs_5
Lair:5:   layout_gridlike, minmay_slime_entry_oklob_open,
          bobbens_ice_dragon_lair, uniq_josephine
Lair:6:   grunt_lair_end_beastmaster, layout_loops_ring,
          chequers_serial_rivers_large_a, serial_bayou_shore_b,
          grunt_megastairs_4
Shoals:1: layout_shoals
Shoals:2: layout_shoals, serial_shops, nicolae_shop_bloodbath_and_beyond,
          uniq_polyphemus
Shoals:3: cheibrodos_shoals_oceanic_diplomacy, layout_shoals, serial_shops,
          nicolae_lakefront_shop
Spider:1: layout_spider_delve
Spider:2: layout_spider_delve, uniq_agnes
Spider:3: layout_spider_delve, uniq_aizul
Spider:4: spider_rune_water
Orc:1:    layout_caves, uniq_erica
Orc:2:    grunt_orc_community_town_hall, layout_caves,
          grunt_orc_community_big_house_1, grunt_orc_community_big_house_1,
          grunt_orc_community_house_1, grunt_orc_community_house_3,
          grunt_orc_community_house_2, grunt_orc_community_house_3,
          grunt_orc_community_house_1, grunt_orc_community_house_3,
          serial_shops, nicolae_shop_crystal, mines1_david, uniq_rupert
Elf:1:    elf_arrival_002, layout_geoelf_grid, portal_desolation_entry_garden,
          hangedman_elven_crosses_minicolossus, grunt_ministairs_6
Vaults:1: grunt_vaults_hallway_short, nicolae_vaults_back_hallway, v_misc_14,
          nicolae_vaults_little_squares_1, nicolae_vaults_network_barrier,
          ontoclasm_vaults_gateway, hangedman_vaults_slice,
          layout_vaults_chaotic_city
Vaults:2: v_misc_3, v_misc_2, vaults_standard_mumra_x, vaults_room_grid,
          vaults_room_fours, nicolae_vaults_network_periphery, v_rooms_5,
          vaults_mumra_lcd, nicolae_vaults_branching_niches, vaults_room_pools,
          nicolae_vaults_theta, ontoclasm_vaults_loading_screen,
          grunt_vaults_hallway_short, nicolae_vaults_little_squares_1,
          layout_vaults_maze, uniq_sojobo

Skill      XL: |  1  2  3  4  5  6  7  8  9 10 11 12 13 14 15 16 17 18 19 |
---------------+----------------------------------------------------------+-----
Axes           | 3 4 5 7 8 9 10 12 14 15 17 18 20 22 | 22.8
Throwing       | 1 2 3 4 5 7 8 10 11 13 15 16 17 18 19 | 19.0
Evocations     | 2 5 7 |  7.3
Armour         | 3 6 8 9 |  9.1
Fighting       | 4 7 9 10 | 10.1
Dodging        | |  1.7

Action                   |  1- 3 |  4- 6 |  7- 9 | 10-12 | 13-15 | 16-18 | 19-21 || total
-------------------------+-------+-------+-------+-------+-------+-------+-------++-------
Melee: Hand axe          |   145 |   138 |   249 |   143 |       |       |       ||   675
       Punch             |     1 |     2 |     2 |     3 |       |       |       ||     8
       Tailslap          |       |     6 |    44 |    91 |   117 |   153 |    24 ||   435
       Spear             |       |       |    61 |       |       |       |       ||    61
       War axe           |       |       |       |    89 |       |       |       ||    89
       Battleaxe         |       |       |       |   180 |   608 |   709 |       ||  1497
       Executioner's axe |       |       |       |       |    25 |    82 |   109 ||   216
Throw: Boomerang         |       |    15 |    86 |    84 |    61 |   379 |    13 ||   638
       Dart              |       |       |       |    36 |    41 |       |       ||    77
       Throwing net      |       |       |       |     1 |       |     5 |       ||     6
       Javelin           |       |       |       |       |       |     7 |       ||     7
Invok: Berserk           |     4 |     5 |    23 |    10 |     3 |     2 |       ||    47
       Trog's Hand       |       |       |     2 |     2 |     1 |     1 |       ||     6
       Brothers in Arms  |       |       |       |     1 |     9 |    18 |     4 ||    32
 Abil: Evoke Invisibilit |       |       |       |     1 |       |     3 |       ||     4
Evoke: Wand              |       |       |     5 |     1 |     2 |       |       ||     8
       Tin of tremorston |       |       |       |       |     1 |       |       ||     1
       Condenser vane    |       |       |       |       |     1 |       |       ||     1
  Use: Potion            |       |       |     1 |     1 |     4 |    10 |     1 ||    17
       Scroll            |       |       |       |    24 |    14 |    10 |     9 ||    57
 Stab: Sleeping          |     1 |     2 |       |       |       |       |       ||     3
       Invisible         |       |       |       |    10 |       |     7 |       ||    17
       Distracted        |       |       |       |     5 |    12 |    15 |     4 ||    36
       Petrifying        |       |       |       |       |       |     1 |       ||     1
       Petrified         |       |       |       |       |       |     1 |       ||     1
       Fleeing           |       |       |       |       |       |       |     1 ||     1
Armor: Animal skin       |    49 |     9 |    17 |       |       |       |       ||    75
       Ring mail         |       |       |    19 |       |       |       |       ||    19
       Crystal plate arm |       |       |   102 |   297 |   271 |   422 |     5 ||  1097
       Gold dragon scale |       |       |       |       |       |       |    26 ||    26
Dodge: Dodged            |   125 |    70 |   123 |    76 |   109 |   236 |    32 ||   771

Table legend: (Time is in decaauts)
 A = Elapsed time spent in this place.
 B = Non-inter-level travel time spent in this place.
 C = Inter-level travel time spent in this place.
 D = Time resting spent in this place.
 E = Time spent auto-exploring this place.
 F = Levels seen in this place.
 G = Mean time per level.
                   A        B        C        D        E       F      G
               +--------+--------+--------+--------+--------+-----+--------+
         Total |  50511 |  48077 |   2434 |  15384 |  25467 |  37 | 1365.2 |
       Dungeon |  23129 |  21974 |   1155 |   7965 |  11379 |  15 | 1541.9 |
        Temple |     73 |     54 |     19 |      0 |     50 |   1 |   73.0 |
          Lair |   7297 |   6729 |    568 |   1059 |   4834 |   6 | 1216.2 |
        Shoals |   6860 |   6738 |    122 |   2999 |   2506 |   3 | 2286.7 |
   Spider Nest |   4598 |   4288 |    310 |   1163 |   2415 |   4 | 1149.5 |
  Orcish Mines |   1461 |   1323 |    138 |      6 |    996 |   2 |  730.5 |
   Elven Halls |   1997 |   1907 |     90 |    718 |    819 |   1 | 1997.0 |
        Vaults |   2064 |   2036 |     28 |    544 |   1189 |   2 | 1032.0 |
         Sewer |    656 |    656 |      0 |    161 |    299 |   1 |  656.0 |
      Ice Cave |   1214 |   1214 |      0 |    428 |    489 |   1 | 1214.0 |
    Desolation |   1156 |   1156 |      0 |    338 |    490 |   1 | 1156.0 |
               +--------+--------+--------+--------+--------+-----+--------+

Top non-repeatable levels by time:
     D:6: 2983 daAuts
Shoals:3: 2711 daAuts
Shoals:2: 2483 daAuts
     D:4: 2372 daAuts
     D:5: 2065 daAuts
   Elf:1: 1997 daAuts
Spider:4: 1900 daAuts
    D:10: 1862 daAuts
     D:8: 1849 daAuts
    D:13: 1813 daAuts
  Lair:3: 1743 daAuts
Shoals:1: 1666 daAuts
Vaults:1: 1540 daAuts
    D:12: 1434 daAuts
    D:14: 1396 daAuts
